 Dungeon Crawl Stone Soup version 0.31-a0-728-g01b46875f1 (console) character file.

Game seed: 6961455153628064233

1661245 orblet the Skinwalker (level 26, 244/314 HPs)
             Began as a Red Draconian Shapeshifter on Sept 10, 2023.
             Was the Champion of Okawaru.
             Escaped with the Orb
             ... and 3 runes on Sept 11, 2023!
             The game lasted 03:44:09 (70055 turns).

orblet the Skinwalker (Red Draconian Shapeshifter) Turns: 70055, Time: 03:44:09

Health: 244/314    AC: 40    Str: 22    XL:     26   Next: 41%
Magic:  34/34      EV: 41    Int: 12    God:    Okawaru [******]
Gold:   8768       SH: 12    Dex: 31    Spells: 27/27 levels left

rFire   + +          +
                       - Unarmed
rCold   + + .        I - +3 warlock's mirror {omnireflect}
rNeg    + + .        (body armour unavailable)
rPois   ∞            V - -2 hat of the Alchemist {rElec rPois rF+ rC+ rN+ Will+ rMut rCorr}
rElec   +            x - scarf "Nyarou" {rC+ rF+, Str+3 Dex+6}
rCorr   +            a - melded +0 pair of gloves of Bad Feelings {Dex+3 Slay+6}
SInv    .            g - melded +2 pair of slick slippers {slick, slippery, EV+4}
Will    +++..        q - amulet of the Priest {Acrobat Will+ rCorr Dex+6 Slay+2}
Stlth   ++           U - +4 ring of protection
HPRegen 0.72/turn    l - +5 ring of evasion
MPRegen 0.24/turn

%: reflection, acrobat, resist mutation
@: statue-form, studying 2 skills, very slow
A: slow and powerful, torment resistance 1, boosted hp, (breathe fire), AC +12,
unfitting armour, fire resistance 1, cold-blooded, screaming 1
0: Orb of Zot
}: 3/15 runes: barnacled, silver, gossamer
a: Begin Untransformation, Renounce Religion, Heroism, Finesse, Duel


You escaped.
You worshipped Okawaru.
Okawaru was exalted by your worship.
You were a living statue of rough stone.
You visited 11 branches of the dungeon, and saw 51 of its levels.
You visited the Abyss 1 time.
You visited 1 bazaar.
You also visited: Sewer, Bailey, Ice Cave, Volcano and Desolation.

You collected 11381 gold pieces.
You spent 2613 gold pieces at shops.

Inventory:

Missiles
 y - 8 curare-tipped darts (quivered)
 C - 9 throwing nets
Armour
 a - the +0 pair of gloves of Bad Feelings (melded) {Dex+3 Slay+6}
   (Okawaru gifted it to you on level 1 of the Depths)

   Dex+3:     It affects your dexterity (+3).
   Slay+6:    It affects your accuracy & damage with ranged weapons and melee
   (+6).
 g - the +2 pair of slick slippers (melded) {slick, slippery, EV+4}
   (You found it in the Desolation of Salt)

   Slick:     Its wearer cannot be constricted, engulfed, netted or webbed.
   Slippery:  Its wearer slips away from damaging melee attacks, pulling the
   attacker onward.
   EV+4:      It affects your evasion (+4).
 x - the scarf "Nyarou" (worn) {rC+ rF+, Str+3 Dex+6}
   (Okawaru gifted it to you on level 1 of the Vaults)

   Str+3:     It affects your strength (+3).
   Dex+6:     It affects your dexterity (+6).
 I - the +3 warlock's mirror (worn) {omnireflect}
   (Okawaru gifted it to you on level 3 of the Shoals)

   Omnireflect: It can block and reflect piercing ranged attacks and magical
   attacks against the wielder's willpower.
 K - a +2 pair of boots of flying
 V - the -2 hat of the Alchemist (worn) {rElec rPois rF+ rC+ rN+ Will+ rMut rCorr}
   (You acquired it on level 2 of the Crypt)

   rF+:       It protects you from fire.
   rC+:       It protects you from cold.
   rElec:     It insulates you from electricity.
   rPois:     It protects you from poison rN+: It protects you from negative
   energy.
   Will+:     It increases your willpower.
   rCorr:     It protects you from acid and corrosion.
   rMut:      It protects you from mutation.
Jewellery
 l - a +5 ring of evasion (right fist)
 q - the amulet of the Priest (around neck) {Acrobat Will+ rCorr Dex+6 Slay+2}
   (You found it in the Desolation of Salt)

   [amulet of the acrobat]

   Acrobat:   It increases your evasion while moving and waiting.
   Dex+6:     It affects your dexterity (+6).
   Slay+2:    It affects your accuracy & damage with ranged weapons and melee
   (+2).
   Will+:     It increases your willpower.
   rCorr:     It protects you from acid and corrosion.
 F - a ring of see invisible
 J - the ring of Icaef {rPois rC++ rCorr Str+6 Slay-2}
   (You found it in the Desolation of Salt)

   [ring of strength]

   Str+6:     It affects your strength (+6).
   Slay-2:    It affects your accuracy & damage with ranged weapons and melee
   (-2).
   rC++:      It greatly protects you from cold.
   rPois:     It protects you from poison rCorr: It protects you from acid and
   corrosion.
 M - the ring "Zobbef" {rF++ Int+6}
   (You found it in an ice cave)

   [ring of intelligence]

   Int+6:     It affects your intelligence (+6).
   rF++:      It greatly protects you from fire.
 R - the ring of Incredulity {rPois rN+ Will++ Int+3}
   (You found it on level 3 of the Crypt)

   [ring of positive energy]

   Int+3:     It affects your intelligence (+3).
   rPois:     It protects you from poison rN+: It protects you from negative
   energy.
   Will++:    It greatly increases your willpower.
 S - the amulet "Hideshup" {Acrobat rElec rC+ Str+2 Int+2}
   (You found it in an ice cave)

   [amulet of the acrobat]

   Acrobat:   It increases your evasion while moving and waiting.
   Str+2:     It affects your strength (+2).
   Int+2:     It affects your intelligence (+2).
   rC+:       It protects you from cold.
   rElec:     It insulates you from electricity.
 U - a +4 ring of protection (left fist)
 X - the amulet "Eligog" {Reflect +Inv rC+ Will+ SH+5}
   (You found it in the Desolation of Salt)

   [amulet of reflection]

   Reflect:   It reflects blocked missile attacks.
   rC+:       It protects you from cold.
   Will+:     It increases your willpower.
   +Inv:      It lets you turn invisible.
   SH+5:      It affects your SH (+5).
Talismans
 c - a dragon-blood talisman
 i - a talisman of death
 n - a maw talisman
 p - a granite talisman (active)
Wands
 b - a wand of iceblast (32)
 k - a wand of polymorph (15)
 v - a wand of flame (184)
 B - a wand of mindburst (44)
 G - a wand of paralysis (61)
 T - a wand of digging (35)
 Z - a wand of quicksilver (12)
Scrolls
 f - 12 scrolls of vulnerability
 j - 9 scrolls of enchant armour
 m - 10 scrolls of teleportation
 s - 4 scrolls of silence
 t - 2 scrolls of fog
 u - 10 scrolls of fear
 z - 3 scrolls of blinking
 N - 2 scrolls of revelation
Potions
 d - 7 potions of heal wounds
 e - 5 potions of berserk rage
 h - 3 potions of lignification
 o - 7 potions of enlightenment
 w - 4 potions of invisibility
 A - 17 potions of curing
 D - 6 potions of might
 E - 6 potions of mutation
 H - 5 potions of haste
 P - a potion of resistance
 Q - 2 potions of cancellation
Miscellaneous
 L - a phial of floods
 O - a lightning rod (4/4)


   Skills:
 - Level 20.9 Fighting
 - Level 20.5 Dodging
 - Level 8.5 Stealth
 - Level 10.0 Shields
 - Level 20.2 Unarmed Combat
 - Level 1.0 Spellcasting
 + Level 14.7 Invocations
 + Level 15.9 Evocations
 - Level 25.0 Shapeshifting


You had 27 spell levels left.
You didn't know any spells.
Your spell library contained the following spells:

 Spells                   Type           Power      Damage    Failure   Level
 Foxfire                  Conj/Fire      0%         2x1d4     34%         1
 Kiss of Death            Conj/Necr      0%         2d5       34%         1
 Magic Dart               Conj           0%         1d3       34%         1
 Necrotise                Necr           0%         1d4       34%         1
 Sandblast                Erth           0%         2d4       34%         1
 Shock                    Conj/Air       0%         1d3       34%         1
 Sting                    Tmut/Pois      0%         1d3       34%         1
 Blink                    Tloc           0%         N/A       45%         2
 Cigotuvi's Dreadful Rot  Necr/Pois/Air  0%         N/A       45%         2
 Ensorcelled Hibernation  Hex/Ice        0%         N/A       45%         2
 Jinxbite                 Hex            0%         N/A       45%         2
 Lesser Beckoning         Tloc           0%         N/A       45%         2
 Momentum Strike          Conj/Tloc      0%         3d8       45%         2
 Passwall                 Tmut/Erth      0%         N/A       45%         2
 Poisonous Vapours        Pois/Air       0%         N/A       45%         2
 Searing Ray              Conj           0%         2d4       45%         2
 Static Discharge         Conj/Air       0%         2-2/arc   45%         2
 Wereblood                Tmut           0%         N/A       45%         2
 Confusing Touch          Hex            0%         N/A       71%         3
 Dazzling Flash           Conj/Hex       0%         N/A       71%         3
 Frozen Ramparts          Ice            0%         1d1       71%         3
 Gell's Gravitas          Tloc           0%         N/A       71%         3
 Hailstorm                Conj/Ice       0%         3d3       71%         3
 Ignite Poison            Fire/Tmut/Pois 0%         N/A       71%         3
 Inner Flame              Hex/Fire       0%         N/A       71%         3
 Mephitic Cloud           Conj/Pois/Air  0%         N/A       71%         3
 Swiftness                Air            0%         N/A       71%         3
 Teleport Other           Tloc           0%         N/A       71%         3
 Vampiric Draining        Necr           0%         2d6       71%         3
 Volatile Blastmotes      Fire/Tloc      0%         2d10      71%         3
 Airstrike                Air            0%         2d(0-16)  98%         4
 Anguish                  Hex/Necr       0%         N/A       98%         4
 Cause Fear               Hex            0%         N/A       98%         4
 Dispel Undead            Necr           0%         3d6       98%         4
 Fulminant Prism          Conj/Hex       0%         3d5       98%         4
 Leda's Liquefaction      Hex/Erth       0%         N/A       98%         4
 Manifold Assault         Tloc           0%         N/A       98%         4
 Olgreb's Toxic Radiance  Pois           0%         N/A       98%         4
 Passage of Golubria      Tloc           0%         N/A       98%         4
 Petrify                  Tmut/Erth      0%         N/A       98%         4
 Sticky Flame             Conj/Fire      0%         2d3       98%         4
 Vhi's Electric Charge    Tloc/Air       0%         N/A       98%         4
 Agony                    Necr           0%         N/A       100%        5
 Alistair's Intoxication  Tmut/Pois      0%         N/A       100%        5
 Arcjolt                  Conj/Air       0%         1d10      100%        5
 Borgnjor's Vile Clutch   Necr/Erth      0%         N/A       100%        5
 Fireball                 Conj/Fire      0%         3d3       100%        5
 Irradiate                Conj/Tmut      0%         3d11      100%        5
 Iskenderun's Battlesphe  Conj           0%         2d6       100%        5
 Lee's Rapid Deconstruct  Erth           0%         3d4*      100%        5
 Metabolic Englaciation   Hex/Ice        0%         N/A       100%        5
 Silence                  Hex/Air        0%         N/A       100%        5
 Yara's Violent Unravell  Hex/Tmut       0%         3d3       100%        5
 Conjure Ball Lightning   Conj/Air       0%         3x3d6     100%        6
 Dispersal                Tloc           0%         N/A       100%        6
 Eringya's Noxious Bog    Tmut/Pois      0%         4d6       100%        6
 Plasma Beam              Fire/Air       0%         2x1d10    100%        6
 Starburst                Conj/Fire      0%         6d3       100%        6
 Enfeeble                 Hex            0%         N/A       100%        7
 Orb of Destruction       Conj           0%         9d5       100%        7
 Ozocubu's Refrigeration  Ice            0%         4d7       100%        7
 Disjunction              Tloc           0%         N/A       100%        8
 Ignition                 Fire           0%         3d3       100%        8
 Lehudib's Crystal Spear  Conj/Erth      0%         10d2      100%        8
 Maxwell's Capacitive Co  Air            0%         ∞         100%        8
 Chain Lightning          Conj/Air       0%         N/A       100%        9
 Fire Storm               Conj/Fire      0%         5d1       100%        9
 Polar Vortex             Ice            0%         N/A       100%        9
 Shatter                  Erth           0%         3d5*      100%        9
 Call Imp                 Summ           Unusable   N/A       N/A         2
 Sublimation of Blood     Necr           Unusable   N/A       N/A         2
 Summon Guardian Golem    Hex/Summ       Unusable   N/A       N/A         3
 Animate Dead             Necr           Unusable   N/A       N/A         4
 Summon Ice Beast         Ice/Summ       Unusable   N/A       N/A         4
 Summon Lightning Spire   Summ/Air       Unusable   N/A       N/A         4
 Summon Forest            Summ/Tloc      Unusable   N/A       N/A         5
 Death Channel            Necr           Unusable   N/A       N/A         6
 Simulacrum               Ice/Necr       Unusable   N/A       N/A         6
 Spellforged Servitor     Conj/Summ      Unusable   N/A       N/A         7
 Summon Hydra             Summ           Unusable   N/A       N/A         7
 Infestation              Necr           Unusable   N/A       N/A         8

Dungeon Overview and Level Annotations

Branches:
Dungeon (15/15)            Temple (1/1) D:7            Lair (5/5) D:8
 Shoals (4/4) Lair:2       Spider (4/4) Lair:2        Slime (0/5) Lair:5
    Orc (2/2) D:12            Elf (3/3) Orc:2        Vaults (5/5) D:13
  Crypt (3/3) Vaults:3       Tomb (0/3) Crypt:3      Depths (4/4) D:15
    Zot (5/5) Depths:4      Sewer (visited)          Bailey (visited)
  IceCv (visited)         Volcano (visited)         Desolation (visited)

Altars:
Ashenzari
Cheibriados
Dithmenos
Elyvilon
Fedhas
Gozag
Hepliaklqana
Kikubaaqudgha
Makhleb
Nemelex Xobeh
Okawaru
Qazlal
Ru
Sif Muna
Trog
Uskayaw
Vehumet
Wu Jian
Xom
Yredelemnul
Zin
The Shining One
Lugonu

Shops:
D:4 *   D:7 (!(   D:8 =   D:14 ?   Orc:2 :!![   Shoals:1 *   Shoals:4 *
Vaults:1 (=*:   Depths:1 :=:*   Depths:2 [

Portals:
Hell: Depths:1 Depths:2 Depths:3 Depths:4
Abyss: Vaults:2 Depths:2 Depths:3
Pandemonium: Depths:2
Ziggurat: Depths:4

Annotations:
D:14 Roxanne
Elf:2 3 runed translucent doors
Vaults:2 2 transporters, RandomKimchi's ghost, adept VSCj
Depths:3 2 transporters, exclusion: obsidian statue


Innate Abilities, Weirdness & Mutations

You are a living statue of rough stone.
Your actions are slow, but your melee attacks are powerful.
You are resistant to unholy torment.
Your maximum health is greatly increased.
Your equipment is partially melded.
((You can breathe blasts of fire.))
((Your fiery red scales are hard. (AC +12)))
You cannot fit into any form of body armour.
You are immune to poison.
Your flesh is heat resistant. (rF+)
You are cold-blooded and may be slowed by cold attacks.
You occasionally shout uncontrollably at your foes.


Message History

You climb upwards.
There is a stone staircase leading down here.
Items here: ))) [.
There is a stone staircase leading up here.
You climb upwards.
There is a stone staircase leading down here.
A rakshasa comes into view. It is wielding a +0 long sword.
You shout twice at the rakshasa!
You can't go up here!
The rakshasa blinks!
No target in view!
No target in view!
No target in view!
No target in view!
No target in view!
The rakshasa completely misses you.
You completely miss the rakshasa.
You tail-slap the rakshasa, but do no damage.
You squash the rakshasa like an ant!!!
You bite the rakshasa!!
The rakshasa is almost dead.
The rakshasa gestures at you. The lance of force misses you.
You punch the rakshasa!
You kill the rakshasa!
Okawaru accepts your kill.
No target in view!
No target in view!
There is a stone staircase leading up here.
You climb upwards.
There is a stone staircase leading down here.
There is a stone staircase leading up here.
You climb upwards.
There is a stone staircase leading down here.
There is a staircase leading out of the dungeon here.
You begin transforming.
You continue transforming. x3
Your transformation has ended.
You turn into a living statue of rough stone.
The +0 pair of gloves of Bad Feelings {Dex+3 Slay+6} melds into your body.
The +2 pair of slick slippers {slick, slippery, EV+4} melds into your body.
You have escaped!

....#.#.......#...#.........# ##.
##.###...#######.#######...## ##
#.# ##..# ##.......## #..##
##.###...###.........###..#
..#.#.#..##...........##..#
#.##.##..#.............#..##
#.##.#..##.............##..##
#.##...#.#.............#.#..##
#.##..#.........8.........#..#
#.###..#.#.............#.#..##
#.####..##............)##..######
.........#.............#..#......
..[####..##...........##.......##
....# #..###.........###..#.##.##
...## #..# ##.......## #..#.##.##
#.## #..#######.#######..#.##.#
#.# #.......#...#.........##.#


There were no monsters in sight!

Vanquished Creatures
  6 dread liches
  6 orbs of fire
  Mara (Elf:3)
  A royal mummy (Crypt:3)
  Josephina (Depths:4)
  4 Killer Klowns (Zot:5)
  Bai Suzhen (Spider:4)
  Xtahua (Vaults:4)
  Margery (Vaults:4)
  The ghost of Guraer the Brawler, a veteran OgSh of Okawaru (Elf:1)
  The ghost of Owosan the Earth Mage, a veteran GnHW of Vehumet (Crypt:1)
  A curse toe (Zot:5)
  11 golden dragons
  A profane servitor (Crypt:3)
  The ghost of DocSulfur the Metamorph, a veteran HuBe of Trog (Elf:1)
  2 bone dragons
  the Enchantress (Depths:1)
  Arachne (Spider:3)
  3 electric golems
  3 doom hounds (Zot:4)
  A Brimstone Fiend (Zot:5)
  Zenata (Elf:3)
  2 walking crystal tomes
  A Hell Sentinel (D:8)
  24 Orb Guardians
  3 liches
  16 tentacled monstrosities
  Grunn (Zot:4)
  4 titans
  8 quicksilver dragons
  A walking frostbound tome (Depths:2)
  A kraken (Shoals:3)
  2 deep elf blademasters (Elf:3)
  2 deep elf master archers (Elf:3)
  2 Executioners
  10 death cobs
  3 sphinxes
  The ghost of starts1789 the Brawler, an adept TrSh of Okawaru (Spider:1)
  The ghost of mopl the Polluter, an adept FoVM of Cheibriados (Elf:1)
  6 tengu reavers
  The ghost of Vony the Unseen, an adept OpMo of Ashenzari (Shoals:3)
  14 storm dragons
  4 draconian monks
  4 shadow dragons
  Aizul (Spider:4)
  2 revenants
  The ghost of Isekk the Brawler, a journeyman TrBe of Trog (Elf:1)
  Louise (D:14)
  4 draconian knights
  7 draconian scorchers
  2 deep elf sorcerers
  6 frost giants
  2 deep elf elementalists (Elf:3)
  2 imperial myrmidons (Desolation)
  2 balrugs (Depths:3)
  A ghost moth (shapeshifter) (Vaults:5)
  7 fire giants
  A caustic shrike zombie (Crypt:3)
  16 vault wardens
  5 curse skulls
  4 orc warlords
  10 emperor scorpions
  9 ghost moths
  4 draconian stormcallers
  7 draconian shifters
  16 ironbound preservers
  3 broodmothers
  10 ghouls
  A caustic shrike skeleton (Crypt:2)
  7 ironbound thunderhulks
  7 draconian annihilators
  10 stone giants
  3 formless jellyfish (Vaults:1)
  4 spriggan defenders
  12 very ugly things
  3 war gargoyles
  7 green draconians
  9 black draconians
  8 vampire knights
  13 white draconians
  5 deep elf demonologists (Elf:3)
  9 purple draconians
  6 yellow draconians
  4 dire elephants
  8 deep elf annihilators (Elf:3)
  9 red draconians
  The ghost of Meazimey the Grappler, a journeyman NaVM of Jiyva (Lair:3)
  2 halazid warlocks (Desolation)
  6 spark wasps
  10 eidola
  A crystal guardian (Desolation)
  9 merfolk javelineers
  10 ettins
  A green death (Depths:3)
  3 blizzard demons (Depths:3)
  11 deep elf death magi
  7 merfolk impalers
  6 fire dragons
  3 great orbs of eyes
  18 yaktaur captains
  2 spriggan zombies (Crypt:3)
  6 jiangshi
  5 deep elf high priests
  A great orb of eyes (shapeshifter) (Vaults:5)
  8 ragged hierophants (Desolation)
  3 entropy weavers
  A rakshasa (D:3)
  5 servants of whispers
  19 centaur warriors
  10 peacekeepers (Desolation)
  3 hydras
  A radroach (Spider:3)
  A hell beast (Depths:3)
  A hydra (shapeshifter) (Depths:1)
  8 ice dragons
  A catoblepas (D:14)
  7 ogre magi
  32 vault guards
  8 spriggan air magi
  6 ironbound frosthearts
  12 boulder beetles
  4 death knights
  13 dancing weapons
  2 merfolk avatars
  6 merfolk aquamancers
  15 two-headed ogres
  5 alligator snapping turtles
  A death yak (D:8)
  A vampire mage (Depths:4)
  10 deep troll shamans
  A spriggan berserker (Depths:4)
  5 tengu warriors
  6 deep troll earth magi
  2 satyrs (Shoals:2)
  8 demonic crawlers
  A death scarab (Spider:4)
  3 orc high priests (Elf:3)
  A wretched star (Abyss:3)
  10 hell knights
  12 soul eaters
  2 sun demons (Depths:3)
  10 deep elf knights
  A fire crab (shapeshifter) (Depths:2)
  An anaconda zombie (Crypt:3)
  3 skysharks
  31 skeletal warriors
  A sun moth (Spider:4)
  61 deep trolls
  20 sea snakes
  3 goliath frogs (Lair:5)
  8 iron trolls
  2 pharaoh ants
  2 shadow wraiths (Crypt:2)
  A death drake (Spider:4)
  Lodul (D:13)
  7 orb spiders
  A death drake (shapeshifter) (Depths:2)
  6 flayed ghosts
  A glowing orange brain (Depths:2)
  A shadow demon (Zot:1)
  5 wizards
  An obsidian statue (Depths:3)
  12 deep elf archers
  A bog body (Crypt:1)
  2 bunyip zombies (Crypt:3)
  4 necromancers
  A kraken simulacrum (Shoals:4)
  A shadow dragon zombie (Crypt:3)
  19 harpies
  11 orc knights
  A jorogumo zombie (Crypt:2)
  3 anaconda skeletons (Volcano)
  27 phantasmal warriors
  2 spectral wolf spiders (Spider:4)
  10 lindwurms
  8 steelbarb worms
  27 deep elf pyromancers
  20 ironbound convokers
  19 deep elf zephyrmancers
  12 manticores
  18 ugly things
  4 fauns (Shoals:2)
  A shadow dragon skeleton (Crypt:1)
  A shining eye (Spider:4)
  2 salamanders (shapeshifter)
  2 sphinx simulacra (Depths:4)
  25 wolf spiders
  An alligator zombie (Crypt:2)
  A stone giant zombie (Crypt:2)
  8 cyclopes
  8 wolf spider zombies (Spider:4)
  9 orc sorcerers
  26 moths of wrath
  4 guardian serpents (Desolation)
  An alligator skeleton (Volcano)
  8 merfolk sirens
  A centaur zombie (Crypt:3)
  A dire elephant zombie (Crypt:3)
  4 water nymphs
  17 vault sentinels
  3 molten gargoyles (Desolation)
  6 black mambas
  An alligator snapping turtle zombie (Crypt:3)
  7 torpor snails
  A spectral iron troll (Crypt:1)
  2 orange demons (Depths:3)
  4 smoke demons
  3 ice statues (IceCv)
  20 cane toads
  6 gargoyles
  A rime drake (Lair:4)
  9 freezing wraiths
  A kobold demonologist (D:10)
  6 unseen horrors (Crypt:2)
  40 yaktaurs
  Psyche (D:8)
  An ice devil (Depths:3)
  An efreet (D:14)
  10 komodo dragons
  A tengu conjurer (Depths:4)
  An unseen horror skeleton (Crypt:2)
  A yellow draconian skeleton (Crypt:1)
  A harpy zombie (Crypt:3)
  2 guardian mummies (Crypt:3)
  A wind drake (Shoals:4)
  2 red devils
  2 spectral deep trolls (Crypt:1)
  6 meliai
  4 hellwings
  19 merfolk
  4 polar bears
  A shadow dragon simulacrum (Depths:4)
  22 blink frogs
  A merfolk (shapeshifter) (Elf:3)
  A tengu simulacrum (Depths:4)
  8 trolls
  4 hornets
  6 dream sheep (Lair:4)
  3 ettin zombies (Crypt:3)
  9 snapping turtles
  60 saltlings
  19 tarantellas
  2 tyrant leeches (Lair:5)
  4 wolf spider simulacra (Spider:4)
  A raiju (shapeshifter) (Depths:1)
  2 harpy skeletons
  A stone giant simulacrum (Crypt:2)
  3 flying skulls (Volcano)
  15 slime creatures
  A centaur simulacrum (D:14)
  A spriggan (shapeshifter) (D:14)
  An air elemental (Elf:1)
  20 shadows
  4 spriggans (Depths:1)
  A ynoxinul (Depths:3)
  30 jumping spiders
  6 wyverns
  20 water elementals
  21 culicivoras
  8 basilisks
  A hog (shapeshifter) (D:13)
  8 wraiths
  A fire elemental (Lair:4)
  A basilisk (shapeshifter) (Elf:3)
  6 humans (D:13)
  40 yaks
  A neqoxec (Abyss:3)
  A chaos spawn (Abyss:3)
  52 redbacks
  2 death yak simulacra (IceCv)
  2 steam dragons
  Edmund (D:4)
  A redback (shapeshifter) (Vaults:2)
  5 vampire mosquitoes (Lair:5)
  A harpy simulacrum (IceCv)
  2 large abominations
  2 wargs
  2 naga zombies (Crypt:3)
  A hydra simulacrum (IceCv)
  A swamp worm (shapeshifter) (Vaults:5)
  4 acid dragons
  16 water moccasins
  A deep troll skeleton (Crypt:2)
  5 hell hounds (D:15)
  36 orc warriors
  An ice beast (D:5)
  A sky beast (D:6)
  3 black bears
  13 ogres
  7 boggarts
  6 wolves
  10 centaurs
  A hog skeleton (Crypt:2)
  3 phantoms
  A manticore skeleton (Crypt:1)
  A small abomination (Abyss:3)
  3 kobold brigands
  A rime drake skeleton (Crypt:1)
  5 gnoll sergeants
  15 necrophages
  19 bullfrogs
  A cane toad simulacrum (IceCv)
  3 earth elementals
  2 scorpions
  9 wyvern skeletons (Crypt:3)
  8 wights
  2 troll zombies
  An elephant simulacrum (IceCv)
  17 killer bees (D:9)
  3 spriggan skeletons (Volcano)
  3 troll skeletons (Volcano)
  2 electric eels (D:8)
  3 howler monkeys
  A wolf zombie (Crypt:2)
  A jelly (D:6)
  9 hounds
  3 gnoll boudas
  18 orc priests
  5 iguanas
  38 orc wizards
  7 hell rats (Lair:5)
  3 wolf simulacra (IceCv)
  An ice beast zombie (Crypt:2)
  6 ogre zombies
  2 mummies
  9 adders
  30 gnolls
  A river rat (D:6)
  A steam dragon skeleton (Crypt:1)
  2 white imps
  2 ufetubi
  2 worms
  2 dart slugs
  56 orcs
  2 bats (D:3)
  9 endoplasms
  14 giant cockroaches
  12 goblins
  9 hobgoblins
  10 jackals
  18 kobolds
  12 quokkas
  11 ball pythons
  A dart slug zombie (Crypt:2)
  10 frilled lizards
  A goblin skeleton (D:12)
  2 goblin zombies (D:12)
  2 hobgoblin skeletons (D:12)
  6 hobgoblin zombies
  A kobold zombie (D:6)
  An orc skeleton (D:12)
  8 orc zombies (D:12)
  8 rats
  3 tentacles
2352 creatures vanquished.

Vanquished Creatures (others)
  A ghost moth (Zot:3)
  A draconian annihilator (Zot:3)
  A black draconian (Zot:3)
  A vault guard (D:13)
  A deep elf knight (Elf:2)
  A yaktaur (Vaults:4)
  A hornet (Vaults:5)
  A water elemental (Shoals:3)
  An orc wizard (D:11)
  3 ball lightnings (Shoals:3)
  18 tentacles
30 creatures vanquished.

Grand Total: 2382 creatures vanquished

Notes
Turn   | Place    | Note
-------+----------+-------------------------------------------
     0 | D:1      | orblet the Draconian Shapeshifter began the quest for the
                  | Orb.
     0 | D:1      | Reached XP level 1. HP: 16/16 MP: 1/1
    61 | D:1      | Reached skill level 1 in Spellcasting
   262 | D:1      | Reached skill level 1 in Stealth
   262 | D:1      | Reached XP level 2. HP: 20/23 MP: 3/3
  1067 | D:2      | Found a radiant altar of Vehumet.
  1160 | D:2      | Reached XP level 3. HP: 28/28 MP: 4/4
  2042 | D:3      | Noticed a bullfrog
  2189 | D:3      | Reached XP level 4. HP: 35/35 MP: 5/5
  2199 | D:3      | Found an iron altar of Okawaru.
  2230 | D:3      | Became a worshipper of Warmaster Okawaru
  2363 | D:3      | Found a shimmering blue altar of Sif Muna.
  2516 | D:4      | Noticed Ijyb
  2518 | D:4      | Ijyb changed into Ijyb the quokka
  2518 | D:4      | Noticed Ijyb
  2520 | D:4      | Killed Ijyb the quokka
  2560 | D:4      | Noticed a scorpion
  2568 | D:4      | Killed a scorpion
  2569 | D:4      | Reached skill level 4 in Shapeshifting
  2613 | D:4      | Reached XP level 5. HP: 28/40 MP: 6/6
  2743 | D:4      | Noticed Sigmund
  2749 | D:4      | Sigmund changed into Sigmund the iguana
  2749 | D:4      | Noticed Sigmund
  2760 | D:4      | Killed Sigmund the iguana
  2766 | D:4      | Noticed an ogre
  2775 | D:4      | Killed an ogre
  2776 | D:4      | Reached skill level 5 in Unarmed Combat
  2776 | D:4      | Reached XP level 6. HP: 47/47 MP: 7/7
  3155 | D:4      | Reached * piety under Okawaru
  3156 | D:4      | Reached skill level 5 in Shapeshifting
  3219 | D:4      | Found Aoqee's Alliterative Accessories.
  3436 | D:4      | Noticed Edmund
  3638 | D:3      | Reached skill level 1 in Invocations
  3724 | D:5      | Entered Level 5 of the Dungeon
  3724 | D:5      | Noticed an ice beast
  3829 | D:5      | Your scales start taking on a fiery red colour.
  3829 | D:5      | Reached XP level 7. HP: 40/52 MP: 8/8
  3829 | D:5      | Gained mutation: Your flesh is heat resistant. (rF+) [Red
                  | Draconian growth]
  3921 | D:5      | You fall into a shaft and drop 3 floors!
  3926 | D:8      | Noticed a two-headed ogre
  3975 | D:7      | Found Ituu's Antique Weapon Emporium.
  4100 | D:7      | Found a staircase to the Ecumenical Temple.
  4106 | Temple   | Entered the Ecumenical Temple
  4119 | D:7      | Found Kiowko's Weapon Boutique.
  4405 | D:7      | Found a basalt altar of Yredelemnul.
  4405 | D:7      | Found a broken altar of Ashenzari.
  4406 | D:7      | Found a sacrificial altar of Ru.
  4565 | D:6      | Reached ** piety under Okawaru
  4625 | D:6      | Found a glowing drain.
  4629 | Sewer    | Entered a sewer
  5236 | D:6      | Reached XP level 8. HP: 59/59 MP: 9/9
  5724 | D:6      | Reached skill level 6 in Shapeshifting
  6183 | D:5      | Reached *** piety under Okawaru
  6405 | D:7      | Found a blossoming altar of Fedhas.
  6614 | D:7      | Reached skill level 7 in Shapeshifting
  6691 | D:7      | Reached XP level 9. HP: 39/70 MP: 10/10
  7059 | D:7      | Found Yxkasom's Distillery.
  7063 | D:7      | Bought a potion of heal wounds for 65 gold pieces
  7063 | D:7      | Bought a potion of might for 52 gold pieces
  7269 | D:7      | Found an ornate altar of the Wu Jian Council.
  7269 | D:7      | Found a stormy altar of Qazlal.
  7299 | D:8      | Found a snail-covered altar of Cheibriados.
  7609 | D:7      | Reached skill level 8 in Shapeshifting
  7756 | D:8      | Found Tischopt's Jewellery Shop.
  7762 | D:8      | Noticed a death yak
  7762 | D:8      | Noticed Psyche
  7779 | D:8      | Killed a death yak
  7780 | D:8      | Reached skill level 5 in Dodging
  7801 | D:8      | Killed Psyche
  7801 | D:8      | Reached **** piety under Okawaru
  7821 | D:8      | Reached XP level 10. HP: 55/77 MP: 11/11
  7941 | D:8      | Reached skill level 10 in Unarmed Combat
  8225 | D:8      | Found a staircase to the Lair.
  8505 | D:8      | Killed a two-headed ogre
  8592 | D:8      | Identified 2 scrolls of acquirement
  8592 | D:8      | Acquired the scarf of the Ten Mice {rC+ rF+, Slay+3}
  8598 | D:8      | Acquired 1071 gold pieces
  8635 | D:7      | Bought a potion of experience for 650 gold pieces
  8635 | D:7      | Reached skill level 10 in Shapeshifting
  8635 | D:7      | Reached XP level 11. HP: 82/82 MP: 13/13
  8662 | D:8      | Bought a +5 ring of evasion for 504 gold pieces
  9554 | D:9      | Reached ***** piety under Okawaru
  9594 | D:9      | Found the +4 robe of Augmentation {Str+4 Int+4 Dex+4}
  9599 | D:9      | Noticed a two-headed ogre
  9621 | D:9      | Killed a two-headed ogre
  9622 | D:9      | Reached skill level 5 in Fighting
  9706 | D:9      | Found a flagged portal.
  9755 | Bailey   | Entered a bailey
 10069 | Bailey   | Noticed an orc knight
 10074 | Bailey   | Killed an orc knight
 10343 | D:9      | Noticed a two-headed ogre
 10358 | D:9      | Killed a two-headed ogre
 10358 | D:9      | Received a gift from Okawaru
 10419 | D:9      | Found a sparkling altar of Nemelex Xobeh.
 10435 | D:9      | Noticed a two-headed ogre
 10447 | D:9      | Killed a two-headed ogre
 10866 | D:9      | Found a transporter.
 10866 | D:9      | Found a transporter.
 10866 | D:9      | Noticed a boulder beetle
 10955 | D:10     | Entered Level 10 of the Dungeon
 10975 | D:10     | Reached XP level 12. HP: 96/96 MP: 14/14
 11045 | D:10     | Found a bloodstained altar of Trog.
 11133 | D:10     | Found a glowing golden altar of the Shining One.
 11325 | D:10     | Found a hide-covered altar of Uskayaw.
 11759 | Lair:1   | Entered Level 1 of the Lair of Beasts
 12159 | Lair:1   | Reached skill level 5 in Invocations
 13123 | Lair:1   | You are sucked into a shaft and drop 1 floor!
 13152 | Lair:2   | Found a hole to the Spider Nest.
 13171 | Lair:2   | Reached skill level 15 in Unarmed Combat
 13222 | Lair:2   | Received a gift from Okawaru
 13619 | Lair:2   | Found a staircase to the Shoals.
 13630 | Lair:2   | Reached skill level 11 in Shapeshifting
 13693 | Lair:2   | Noticed a seven-headed hydra
 13697 | Lair:2   | Killed a seven-headed hydra
 13848 | Lair:2   | Reached XP level 13. HP: 102/102 MP: 17/17
 14588 | Lair:3   | Found a dark tunnel.
 14594 | Volcano  | Entered a volcano
 14935 | Volcano  | Reached skill level 10 in Dodging
 15359 | Lair:3   | Received a gift from Okawaru
 15360 | Lair:3   | Reached skill level 12 in Shapeshifting
 15415 | Lair:3   | Found a runed translucent door.
 15417 | Lair:3   | Noticed Meazimey's ghost (journeyman NaVM)
 15973 | Lair:3   | Identified the +0 pair of boots of Icizaovy {rC+} (Okawaru
                  | gifted it to you on level 3 of the Lair of Beasts)
 15973 | Lair:3   | Received a gift from Okawaru
 16176 | Lair:3   | Killed Meazimey's ghost
 17062 | Lair:4   | Reached skill level 13 in Shapeshifting
 17369 | Lair:5   | Entered Level 5 of the Lair of Beasts
 17559 | Lair:5   | Found a staircase to the Slime Pits.
 17687 | Lair:5   | Reached XP level 14. HP: 114/118 MP: 18/18
 17861 | Lair:5   | Identified the +7 glaive of Sudden Death {holy, rElec rCorr
                  | SInv} (Okawaru gifted it to you on level 5 of the Lair of
                  | Beasts)
 17861 | Lair:5   | Received a gift from Okawaru
 17868 | Lair:5   | Reached skill level 10 in Fighting
 19544 | D:12     | Found a frozen archway.
 19567 | D:12     | Reached skill level 14 in Shapeshifting
 19596 | IceCv    | Entered an ice cave
 19640 | IceCv    | Reached ****** piety under Okawaru
 20150 | IceCv    | Identified the amulet "Hideshup" {Acrobat rElec rC+ Str+2
                  | Int+2}
 20165 | IceCv    | Identified the ring "Zobbef" {rF++ Int+6}
 20264 | D:12     | Found a hide-covered altar of Uskayaw.
 20429 | D:12     | Identified the +3 dagger of the Briny Deep {flame, Dex+3}
 20478 | D:12     | Found a staircase to the Orcish Mines.
 20863 | D:12     | Received a gift from Okawaru
 20932 | D:13     | Noticed Lodul
 21093 | D:13     | Killed Lodul
 21745 | D:13     | Identified the +0 pair of boots of Poor Excuses {Drain
                  | rElec Str+3} (Okawaru gifted it to you on level 13 of the
                  | Dungeon)
 21745 | D:13     | Received a gift from Okawaru
 21819 | D:13     | Found a gate to the Vaults.
 22009 | D:13     | Reached skill level 15 in Shapeshifting
 22034 | D:13     | Reached XP level 15. HP: 84/128 MP: 21/21
 22241 | Orc:1    | Entered Level 1 of the Orcish Mines
 22548 | Orc:2    | Entered Level 2 of the Orcish Mines
 22548 | Orc:2    | Found a staircase to the Elven Halls.
 23257 | Orc:2    | Found an ancient bone altar of Kikubaaqudgha.
 23272 | Orc:2    | Found Hossapt's Distillery.
 23413 | Orc:2    | Found a radiant altar of Vehumet.
 23418 | Orc:2    | Paralysed by an ogre mage for 2 turns
 23450 | Orc:2    | Bought a potion of haste for 130 gold pieces
 23450 | Orc:2    | Bought a potion of haste for 130 gold pieces
 23450 | Orc:2    | Bought a potion of cancellation for 104 gold pieces
 23474 | Orc:2    | Found Ahudwiun's Book Shoppe.
 23513 | Orc:2    | Found Gipres's Distillery.
 23523 | Orc:2    | Reached skill level 5 in Evocations
 23526 | Orc:2    | Found Nuwisit's Antique Armour Shoppe.
 23532 | Orc:2    | Bought a potion of curing for 39 gold pieces
 23532 | Orc:2    | Bought a potion of haste for 130 gold pieces
 23532 | Orc:2    | Bought a potion of curing for 39 gold pieces
 23532 | Orc:2    | Bought a potion of heal wounds for 65 gold pieces
 23532 | Orc:2    | Bought a potion of heal wounds for 65 gold pieces
 23532 | Orc:2    | Bought a potion of haste for 130 gold pieces
 23532 | Orc:2    | Bought a potion of curing for 39 gold pieces
 24257 | D:14     | Found Aquesevi's Magic Scroll Shop.
 24264 | D:14     | Bought a scroll of enchant armour for 120 gold pieces
 24346 | D:14     | Noticed Roxanne
 24518 | D:14     | Noticed Louise
 24527 | D:14     | Killed Louise
 24857 | D:14     | Received a gift from Okawaru
 24885 | D:14     | Found an ornate altar of the Wu Jian Council.
 24926 | D:14     | Found a broken altar of Ashenzari.
 24973 | D:15     | Entered Level 15 of the Dungeon
 25166 | D:15     | Found a staircase to the Depths.
 25688 | D:15     | Upgraded the game from 0.31-a0-705-ga145531891 to
                  | 0.31-a0-716-gc7603755dd
 25885 | Shoals:1 | Entered Level 1 of the Shoals
 26863 | Shoals:1 | Reached XP level 16. HP: 138/138 MP: 22/22
 26895 | Shoals:1 | Received a gift from Okawaru
 27010 | Shoals:1 | Found Toxkio's General Store.
 27367 | Shoals:2 | Identified the +4 flail "Fiuxzomu" {spect, rPois Str+3
                  | Stlth+}
 29097 | Shoals:3 | Identified the +2 quarterstaff "Fyjyroma" {flame, rF- rCorr
                  | Str+3 Int+4} (Okawaru gifted it to you on level 3 of the
                  | Shoals)
 29097 | Shoals:3 | Received a gift from Okawaru
 29186 | Shoals:3 | Noticed a kraken
 29187 | Shoals:3 | Identified the ring "Fiheciux" {+Blink rElec Str+6 Dex-2}
 29190 | Shoals:3 | Found a transporter.
 29191 | Shoals:3 | Found a transporter.
 29221 | Shoals:3 | Noticed Vony's ghost (adept OpMo)
 30072 | Shoals:4 | Entered Level 4 of the Shoals
 30076 | Shoals:4 | Found Nyth's Gadget Gallery.
 30123 | Shoals:4 | Found a flickering gateway to a bazaar.
 30159 | Bazaar   | Entered a bazaar
 30248 | Bazaar   | Found Vocagyqe's Assorted Antiques.
 30263 | Bazaar   | Found Tevvut's Antique Armour Shop.
 30271 | Bazaar   | Bought a runed orb for 216 gold pieces
 30271 | Bazaar   | Bought a glowing cloak for 135 gold pieces
 30291 | Bazaar   | Found Exyastom's Weapon Shop.
 30305 | Bazaar   | Found Lonon's Antique Weapon Emporium.
 30320 | Bazaar   | Found Wiusoes's Antique Weapon Shop.
 30798 | Shoals:4 | Reached skill level 1 in Shields
 30869 | Shoals:4 | Received a gift from Okawaru
 30916 | Shoals:4 | Got a barnacled rune of Zot
 31017 | Shoals:4 | Identified the +8 trident "Zerang" {pain, rC+ Str-2 Dex+5
                  | Stlth+}
 31984 | Shoals:4 | Reached XP level 17. HP: 146/146 MP: 23/23
 32102 | Shoals:4 | Reached skill level 5 in Shields
 32108 | Shoals:4 | Received a gift from Okawaru
 32305 | Spider:1 | Entered Level 1 of the Spider Nest
 32897 | Spider:1 | Identified the +4 hand axe of the Hawk {freeze, rN+ Int+3
                  | SInv}
 32943 | Spider:1 | Reached skill level 10 in Evocations
 32974 | Spider:1 | Found a runed translucent door.
 32975 | Spider:1 | Found a shimmering altar of Xom.
 32975 | Spider:1 | Noticed starts1789's ghost (adept TrSh)
 32992 | Spider:1 | Killed starts1789's ghost
 33103 | Spider:1 | Identified the amulet "Uvvosyts" {Spirit rF+ MP-9 Stlth+}
 33909 | Spider:2 | Received a gift from Okawaru
 34430 | Spider:2 | Reached skill level 10 in Invocations
 35005 | Spider:3 | Reached skill level 16 in Shapeshifting
 35242 | Spider:3 | Identified the +5 spear "Fioguqoa" {freeze, rC+ Int+3}
 35309 | Spider:3 | Noticed Arachne
 35332 | Spider:3 | Killed Arachne
 35477 | Spider:3 | Received a gift from Okawaru
 35996 | Spider:4 | Entered Level 4 of the Spider Nest
 36065 | Spider:4 | Noticed Bai Suzhen
 36312 | Elf:1    | Entered Level 1 of the Elven Halls
 36458 | Elf:1    | Identified the +9 war axe of Ascent {heavy, +Blink rN+
                  | Str+3 Dex-5}
 36469 | Elf:1    | Found a runed translucent gate.
 36921 | Elf:1    | Reached skill level 17 in Shapeshifting
 37087 | Elf:1    | Found a runed translucent gate.
 37089 | Elf:1    | Found a runed translucent gate.
 37090 | Elf:1    | Noticed mopl's ghost (adept FoVM)
 37090 | Elf:1    | Noticed DocSulfur's ghost (veteran HuBe)
 37090 | Elf:1    | Noticed Isekk's ghost (journeyman TrBe)
 37090 | Elf:1    | Noticed Guraer's ghost (veteran OgSh)
 37115 | Elf:1    | Reached XP level 18. HP: 124/154 MP: 25/25
 37127 | Elf:1    | Received a gift from Okawaru
 38358 | Elf:2    | Found a runed translucent gate.
 38358 | Elf:2    | Found a runed translucent gate.
 38358 | Elf:2    | Found a runed translucent gate.
 38554 | Elf:2    | Reached skill level 18 in Shapeshifting
 38816 | Elf:2    | Reached skill level 15 in Dodging
 39114 | Elf:2    | Upgraded the game from 0.31-a0-716-gc7603755dd to
                  | 0.31-a0-728-g01b46875f1
 39326 | Vaults:1 | Entered Level 1 of the Vaults
 39328 | Vaults:1 | You are sucked into a shaft and drop 1 floor!
 39366 | Vaults:1 | Found Qerezxem's Book Shoppe.
 39389 | Vaults:1 | Found a crumbling gateway.
 39407 | Desolati | Entered the Desolation of Salt
 39822 | Desolati | Identified the staff "Pinabug" {rElec rPois rN+ Int+2
                  | Necro}
 39834 | Desolati | Identified the amulet "Eligog" {Reflect +Inv rC+ Will+
                  | SH+5}
 39913 | Desolati | Identified the amulet of Gattobb {Acrobat -Cast Slay+6}
 39984 | Desolati | Identified the +3 scale mail "Yfeif" {+Blink rF+ MP-9
                  | Slay+2}
 40058 | Desolati | Identified the +0 cloak "Vuich" {Str+2 Int+5}
 40080 | Desolati | Found the +2 pair of slick slippers {slick, slippery, EV+4}
 40524 | Desolati | Identified the +8 scimitar "Fefeza Atilu" {drain, rC+++
                  | Will- Int-3 Stlth+}
 40548 | Desolati | Identified the ring "Wogumud" {*Slow rElec rN+ MP+9 Int+2}
 40746 | Desolati | Identified the ring of Icaef {rPois rC++ rCorr Str+6
                  | Slay-2}
 40827 | Desolati | Identified the amulet of the Priest {Acrobat Will+ rCorr
                  | Dex+6 Slay+2}
 40916 | Desolati | Identified the +9 double sword of the Fool {protect,
                  | Fragile Will+ Str+5} (Okawaru gifted it to you in the
                  | Desolation of Salt)
 40916 | Desolati | Received a gift from Okawaru
 41253 | Vaults:1 | Reached XP level 19. HP: 167/167 MP: 26/26
 41840 | Vaults:1 | Identified the scarf "Nyarou" {rC+ rF+, Str+3 Dex+6}
                  | (Okawaru gifted it to you on level 1 of the Vaults)
 41840 | Vaults:1 | Received a gift from Okawaru
 41892 | Vaults:1 | Found Ujytek's Antique Weapon Emporium.
 42051 | Vaults:1 | Found Xecoatt's Jewellery Shoppe.
 42053 | Vaults:1 | Found Danukk's General Store.
 42127 | Vaults:1 | Reached skill level 19 in Shapeshifting
 42842 | Vaults:2 | Found a transporter.
 42895 | Vaults:2 | Found a transporter.
 42895 | Vaults:2 | Found a one-way gate to the infinite horrors of the Abyss.
 42905 | Vaults:2 | Noticed RandomKimchi's ghost (adept VSCj)
 43728 | Vaults:2 | Reached skill level 20 in Shapeshifting
 43733 | Vaults:2 | Received a gift from Okawaru
 44284 | Vaults:2 | Identified the +8 quarterstaff "Newt's Peril" {drain, rElec
                  | rPois} (Okawaru gifted it to you on level 2 of the Vaults)
 44284 | Vaults:2 | Received a gift from Okawaru
 44888 | Vaults:3 | Received a gift from Okawaru
 44915 | Vaults:3 | Reached XP level 20. HP: 174/174 MP: 27/27
 45086 | Vaults:3 | Found a staircase to the Crypt.
 45086 | Vaults:3 | Found an ancient bone altar of Kikubaaqudgha.
 45087 | Vaults:3 | Found a basalt altar of Yredelemnul.
 45140 | Vaults:3 | Reached skill level 21 in Shapeshifting
 45564 | Vaults:4 | Noticed Margery
 45578 | Vaults:4 | Killed Margery
 45578 | Vaults:4 | Received a gift from Okawaru
 45714 | Vaults:4 | Noticed Xtahua
 45735 | Vaults:4 | Killed Xtahua
 45765 | Vaults:4 | Reached skill level 22 in Shapeshifting
 45997 | Vaults:4 | Identified the +1 buckler "Gadest" {-Cast Contam rCorr
                  | Stlth+} (Okawaru gifted it to you on level 4 of the Vaults)
 45997 | Vaults:4 | Received a gift from Okawaru
 47259 | Spider:4 | Killed Bai Suzhen
 47461 | Spider:4 | Gained mutation: You occasionally shout uncontrollably at
                  | your foes. [a shining eye]
 47632 | Spider:4 | Got a gossamer rune of Zot
 48071 | Spider:4 | Noticed Aizul
 48077 | Spider:4 | Killed Aizul
 48651 | D:3      | Got Sif Muna's Spellbook of the Quarry
 48741 | D:4      | Killed Edmund
 48959 | Shoals:3 | Received a gift from Okawaru
 48959 | Shoals:3 | Found the +3 warlock's mirror {omnireflect}
 48972 | Shoals:3 | Killed Vony's ghost
 48999 | Shoals:3 | Reached XP level 21. HP: 181/181 MP: 29/29
 49316 | Elf:1    | Killed DocSulfur's ghost
 49317 | Elf:1    | Reached skill level 23 in Shapeshifting
 49326 | Elf:1    | Killed Guraer's ghost
 49329 | Elf:1    | Killed mopl's ghost
 49333 | Elf:1    | Killed Isekk's ghost
 49391 | Elf:3    | Entered Level 3 of the Elven Halls
 49448 | Elf:3    | Noticed Mara
 49462 | Elf:3    | Noticed orblet's illusion
 49484 | Elf:3    | Noticed orblet's illusion
 49498 | Elf:3    | Killed Mara
 49675 | Elf:3    | Noticed Zenata
 49692 | Elf:3    | Killed Zenata
 50143 | Elf:3    | Identified the +6 great sword of Venet {vamp, *Corrode
                  | rPois Str+4}
 50143 | Elf:3    | Identified the ring of Aghymeudgh {Fire rPois Int+3 Dex+4}
 50293 | Elf:3    | Identified the ring of the Unicorn {rN+ Int+6}
 50342 | Elf:3    | Identified the +5 demon blade of Greatest Utility {drain,
                  | Fragile rC+ rN+ rCorr}
 50342 | Elf:3    | Identified the ring of Zenae {rPois Will+ Str-2 Slay+2}
 50433 | Elf:3    | Identified the +8 rapier of the Old World {speed, rF+ rC++
                  | Int+4}
 50955 | Elf:3    | Identified the +2 scale mail of Action {Rampage rPois Dex+3
                  | Stlth+}
 50978 | Elf:3    | Got the Elucidation of Charmed Formation
 50984 | Elf:3    | Got the Cyclopedia of the Congregated Anticline
 51015 | Elf:3    | Identified the staff "Ciat" {Contam rElec rC+ Int+2 Earth}
 51087 | Elf:3    | Identified the staff "Maitean" {rPois rC+ rN++ Str-3 Int+3
                  | Poison}
 51897 | Depths:1 | Entered Level 1 of the Depths
 52018 | Depths:1 | Identified the +0 pair of gloves of Bad Feelings {Dex+3
                  | Slay+6} (Okawaru gifted it to you on level 1 of the Depths)
 52018 | Depths:1 | Received a gift from Okawaru
 52196 | Depths:1 | Found Yromed's Elemental Accessories.
 52406 | Depths:1 | Found Bululloc's Book Shoppe.
 52407 | Depths:1 | Found Axzoolli's Jewellery Boutique.
 52409 | Depths:1 | Found Kilexkoego's Book Shoppe.
 52512 | Depths:1 | Found a gateway to Hell.
 52747 | Depths:1 | Noticed the Enchantress
 52796 | Depths:1 | Killed the Enchantress
 52916 | Depths:1 | Found the +1 cloak of Starlight {*Dazzle EV+4 Stlth--}
 52924 | Depths:1 | Reached skill level 10 in Shields
 53302 | Depths:2 | Identified the amulet "Keheiciw" {RegenMP rF- rN+++ rCorr
                  | Int+3}
 53317 | Depths:2 | Found Xaklak Jube's Armour Emporium.
 53420 | Depths:2 | Reached skill level 24 in Shapeshifting
 53639 | Depths:2 | Found a one-way gate leading to the halls of Pandemonium.
 54157 | Depths:3 | Found a corrupted altar of Lugonu.
 54254 | Depths:3 | Reached XP level 22. HP: 175/189 MP: 30/30
 54268 | Depths:3 | Identified the +9 halberd of the Sneaky Souls {flame, rElec
                  | Will+ Int+4}
 54306 | Depths:3 | Found a transporter.
 54306 | Depths:3 | Noticed a golden dragon
 54525 | Depths:3 | Noticed a juggernaut
 54713 | Depths:3 | Found a transporter.
 55635 | Depths:4 | Entered Level 4 of the Depths
 55643 | Depths:4 | Reached skill level 25 in Shapeshifting
 55644 | Depths:4 | Found a one-way gateway to a ziggurat.
 55944 | Depths:4 | Received a gift from Okawaru
 55975 | Abyss:3  | Cast into level 3 of the Abyss (purple draconian)
 56083 | Abyss:3  | Found a corrupted altar of Lugonu.
 56091 | Depths:4 | Escaped the Abyss
 56105 | Depths:4 | Identified the ring of the Mutiny {Ice rPois Will+ Stlth+}
 56105 | Depths:4 | Noticed Josephina
 56614 | Depths:4 | Reached skill level 15 in Fighting
 56717 | Depths:4 | Found a gate to the Realm of Zot.
 56813 | Depths:4 | Received a gift from Okawaru
 56828 | Depths:4 | Killed Josephina
 57988 | Crypt:1  | Entered Level 1 of the Crypt
 58578 | Crypt:1  | Identified the +0 buckler of Lockah {Int+4} (Okawaru gifted
                  | it to you on level 1 of the Crypt)
 58578 | Crypt:1  | Received a gift from Okawaru
 58685 | Crypt:1  | Found a runed translucent gate.
 58685 | Crypt:1  | Found a runed translucent gate.
 58686 | Crypt:1  | Found a runed translucent gate.
 58686 | Crypt:1  | Noticed Owosan's ghost (veteran GnHW)
 58713 | Crypt:1  | Killed Owosan's ghost
 59274 | Crypt:2  | Reached XP level 23. HP: 203/203 MP: 31/31
 59542 | Crypt:2  | Acquired the -2 hat of the Alchemist {rElec rPois rF+ rC+
                  | rN+ Will+ rMut rCorr}
 59542 | Crypt:2  | Found the -2 hat of the Alchemist {rElec rPois rF+ rC+ rN+
                  | Will+ rMut rCorr}
 60109 | Crypt:3  | Entered Level 3 of the Crypt
 60204 | Crypt:3  | Got Sif Muna's Volume of Profane Arts
 60477 | Crypt:3  | Received a gift from Okawaru
 60824 | Crypt:3  | Found a basalt altar of Yredelemnul.
 61050 | Crypt:3  | Identified the +7 mace of Imminent Death {chaos, Contam
                  | rPois rC+++ Str+3}
 61061 | Crypt:3  | Identified the ring of Incredulity {rPois rN+ Will++ Int+3}
 61061 | Crypt:3  | Identified the ring "Pumodiva" {rN+ Str+4}
 61135 | Crypt:3  | Identified the ring "Lympif" {rPois rN+ Will+ Dex+3 Slay+3
                  | Stlth-}
 61376 | Crypt:3  | Noticed a royal mummy
 61390 | Crypt:3  | Killed a royal mummy
 61437 | Crypt:3  | Found a staircase to the Tomb.
 62020 | Crypt:3  | Got the Encyclopedia of Therianthropy and the Adder
 62214 | Vaults:5 | Entered Level 5 of the Vaults
 62226 | Vaults:4 | Identified the +8 short sword "Bifuimi" {drain, Fragile rC+
                  | Dex+2 Stlth+} (Okawaru gifted it to you on level 4 of the
                  | Vaults)
 62226 | Vaults:4 | Received a gift from Okawaru
 62697 | Vaults:5 | Identified the ring "Bioteac" {rF+ Dex+2}
 62816 | Vaults:5 | Identified the +0 tower shield of a sewer {Dex+3} (Okawaru
                  | gifted it to you on level 5 of the Vaults)
 62816 | Vaults:5 | Received a gift from Okawaru
 62843 | Vaults:5 | Reached XP level 24. HP: 221/221 MP: 31/31
 63183 | Vaults:5 | Noticed a dread lich
 63193 | Vaults:5 | Killed a dread lich
 63267 | Vaults:5 | Noticed a dread lich
 63280 | Vaults:5 | Killed a dread lich
 63290 | Vaults:5 | Noticed a dread lich
 63298 | Vaults:5 | Identified the +0 robe "Axeuh" {rC++ Will++ Str+2}
 63309 | Vaults:5 | Killed a dread lich
 63317 | Vaults:5 | Identified the amulet "Vues" {Faith Will+}
 63555 | Vaults:5 | Received a gift from Okawaru
 63683 | Vaults:5 | Identified the ring "Leekk" {Fly rF+}
 63827 | Vaults:5 | Got a silver rune of Zot
 64660 | Zot:1    | Entered Level 1 of the Realm of Zot
 65555 | Zot:2    | Noticed an orb of fire
 65563 | Zot:2    | Killed an orb of fire
 65563 | Zot:2    | Identified the orb "Fechutt" {*channel, Str+3 SInv}
                  | (Okawaru gifted it to you on level 2 of the Realm of Zot)
 65563 | Zot:2    | Received a gift from Okawaru
 65564 | Zot:2    | Reached skill level 5 in Stealth
 66108 | Zot:3    | Noticed an orb of fire
 66389 | Zot:3    | Reached XP level 25. HP: 234/234 MP: 31/31
 66399 | Zot:3    | Killed an orb of fire
 67016 | Zot:3    | Identified the +7 great sword of the Fox {flame, rElec
                  | rPois rN+++ Str+4} (Okawaru gifted it to you on level 3 of
                  | the Realm of Zot)
 67016 | Zot:3    | Received a gift from Okawaru
 67580 | Zot:4    | Noticed Grunn
 67616 | Zot:4    | Killed Grunn
 67911 | Zot:4    | Received a gift from Okawaru
 68606 | Zot:5    | Entered Level 5 of the Realm of Zot
 69057 | Zot:5    | Noticed a dread lich
 69069 | Zot:5    | Noticed an orb of fire
 69074 | Zot:5    | Killed a dread lich
 69074 | Zot:5    | Received a gift from Okawaru
 69081 | Zot:5    | Killed an orb of fire
 69085 | Zot:5    | Noticed a dread lich
 69091 | Zot:5    | Killed a dread lich
 69104 | Zot:5    | Noticed a Killer Klown
 69108 | Zot:5    | Noticed an orb of fire
 69112 | Zot:5    | Noticed an orb of fire
 69124 | Zot:5    | Killed an orb of fire
 69125 | Zot:5    | Reached XP level 26. HP: 242/242 MP: 32/32
 69132 | Zot:5    | Killed an orb of fire
 69144 | Zot:5    | Noticed a dread lich
 69153 | Zot:5    | Killed a dread lich
 69185 | Zot:5    | Received a gift from Okawaru
 69235 | Zot:5    | Reached skill level 15 in Evocations
 69353 | Zot:5    | Noticed an orb of fire
 69364 | Zot:5    | Killed an orb of fire
 69389 | Zot:5    | Got the Orb of Zot
 69916 | D:5      | Received a gift from Okawaru
 70055 | D:$      | Escaped with the Orb!

Illustrated notes

Levels and vault maps discovered:
D:1:      psy_arrival_dodecagon, layout_loops_corners
D:2:      layout_basic, basic_altar, chequers_serial_rivers_room_b,
          minmay_fountain_box, minivault_24
D:3:      layout_loops_ring, led_sif_book, okawaru_gym_becter
D:4:      layout_basic, nicolae_alphabet_shops, nicolae_figureground_sparkle,
          uniq_edmund, uniq_sigmund, uniq_ijyb
D:5:      layout_loops_ring
D:6:      layout_rooms, nicolae_ossuary_entry_giza, gup_sewer_entry_spiral,
          minmay_holes, st_stairs_12, minivault_4, grunt_ministairs_13
D:7:      layout_basic, gammafunk_temple_overflow_claw,
          mainiacjoe_overflow_catwalk, mainiacjoe_overflow_divided_tiny,
          minmay_temple_entry_metal_lava, serial_shops, shop,
          nicolae_shop_stone, nicolae_shop_bloodbath_and_beyond
D:8:      layout_cave_pools, lemuel_crystal_altar, david_lair_generic,
          serial_gnoll_camp, gnoll_camp_mini_hut, gnoll_camp_mini_shop,
          gnoll_camp_huts_moat, gnoll_camp_mini_doghouse, gnoll_camp_mini_hut,
          uniq_psyche
D:9:      gammafunk_boulding_lane, layout_rooms, nemelex_diamond_rough_becter,
          enter_bailey_5, minmay_fractal_squares_gapless_5
D:10:     layout_roguey, marbit_many_paths, kennysheep_mini,
          mainiacjoe_overflow_chevrons, kennysheep_generic_room_16
D:11:     layout_basic
D:12:     layout_irregular_city, zombieorc1_lemuel,
          portal_ice_cave_entry_animals_and_master, nicolae_uskayaw_suspiria
D:13:     layout_irregular_city, ximxim_vaults_locker_room, serial_rivers,
          chequers_serial_rivers_small_3, chequers_serial_rivers_small_3,
          chequers_serial_rivers_large_b, chequers_serial_rivers_small_b,
          serial_bayou_pond_e, solitary_fountain, uniq_lodul
D:14:     layout_roguey, lemuel_tele_altar, serial_shops, shop,
          pdpol_wu_jian_five_deadly_venoms, uniq_roxanne, uniq_louise
D:15:     grunt_enter_depths_snipers, layout_cave_pools, serial_park_paths
          [serial_park_minivault_5x5_3]
Temple:   hellmonk_temple_beads
Lair:1:   layout_hall_layers, grunt_megastairs_4
Lair:2:   layout_misc_corridors, minmay_shoals_entry_centaurs,
          spider_nest_entry_webs, grunt_megastairs_3, infiniplex_staircase_pool,
          lemuel_fruit_fields
Lair:3:   layout_gridlike, ebering_ghost_reflecting_pool,
          nicolae_volcano_entry_hallway, serial_bayou_shore_b
Lair:4:   layout_gridlike, serial_bayou_crossing
Lair:5:   minmay_lair_end_frog_pond, layout_hall_layers, slime_entry_1
Shoals:1: layout_shoals, serial_shops, nicolae_square_shop
Shoals:2: layout_shoals
Shoals:3: layout_shoals, ebering_ghost_davey_jones,
          nicolae_shoals_lost_giant_hut
Shoals:4: shoals_end_grunt_ice, layout_shoals, serial_shops, bzr_entry_gold,
          nicolae_shop_gadgets
Spider:1: layout_spider_delve, ebering_ghost_xom, guppyfry_spider_mini_2,
          hangedman_spider_tarantella_strand
Spider:2: layout_spider_delve, drop_trap
Spider:3: layout_spider_delve, nicolae_spider_bug_shape, uniq_arachne
Spider:4: guppyfry_spider_rune, nicolae_spider_undead_wolf_pack,
          uniq_bai_suzhen, uniq_aizul
Orc:1:    layout_caves
Orc:2:    kennysheep_orc_mage_school, layout_diamond_mine
Elf:1:    minmay_elf_arrival_plus, layout_gridlike, gammafunk_ghost_cemetery,
          hangedman_corner_corridor
Elf:2:    nicolae_elf_blades_splatter_lattice [grunt_blade_entry_basic],
          layout_geoelf_grid
Elf:3:    elf_hall, layout_loops_corners, special_room [special_room_orc],
          uniq_mara, uniq_zenata
Vaults:1: portal_desolation_entry_nicolae_nacl, nicolae_vaults_stepped_doors,
          v_misc_16, v_alt_pattern_2, nicolae_vaults_cochlea,
          ontoclasm_vaults_ligature, nicolae_vaults_weapon_check,
          nicolae_vaults_closet_pinwheel_1, nicolae_vaults_wine_cellar,
          nicolae_vaults_closet_pinwheel_1, layout_vaults_omnigrid,
          serial_shops, shop, shop, shop, nicolae_shop_window_shopping
Vaults:2: gammafunk_ghost_abyssal_escape, dpeg_vaults_monster_row, v_rooms_4,
          v_pattern_5, nicolae_vaults_back_hallway,
          nicolae_vaults_enemy_cabinets, nicolae_vaults_apartment_1,
          vaults_dpeg_hooks, nicolae_vaults_little_ls, v_misc_26,
          vaults_room_corners, nicolae_vaults_heart-shaped_vault,
          layout_vaults_omnicross
Vaults:3: hangedman_vaults_locks, nicolae_vaults_disjoint_gnomons,
          hangedman_vaults_nails, nicolae_vaults_doubleplus_tesselated,
          minmay_crypt_entry_necro_gods, vaults_standard_mumra_x,
          ontoclasm_vaults_decontamination, layout_vaults_maze_snakey
Vaults:4: hangedman_vaults_restitches, nicolae_vaults_puzzle_piece,
          vaults_mumra_lcd, v_misc_9, nicolae_vaults_diamond_1, v_pattern_1,
          nicolae_vaults_cochlea, v_alt_pattern_3, nicolae_vaults_asterisk,
          v_misc_30, nicolae_vaults_tetromino_T_2,
          nicolae_vaults_little_squares_5, v_misc_19, dpeg_vaults_monster_box,
          layout_vaults_ring, uniq_margery, uniq_xtahua
Vaults:5
Crypt:1:  layout_rooms, ebering_ghost_rock_garden, skrybe_necro_troll_2
Crypt:2:  minmay_shadows, layout_chaotic_city, grunt_ministairs_7,
          hangedman_batty
Crypt:3:  evilmike_haunted_forest
Depths:1: kennysheep_cluttered_fort, layout_gridlike,
          hangedman_tar_grid_catacomb, serial_glass, glass_columns_b,
          glass_columns_b, glass_columns_a, glass_columns_a,
          kennysheep_nondescript, nicolae_elemental_shop, kb_rosetta,
          minmay_shop_grove, uniq_enchantress
Depths:2: kennysheep_spiral_hall, layout_basic, abyss_entry_crystal,
          serial_shops, nicolae_shop_tiny_real_fake_doors, pan_entry,
          pf_vacation_house_of_asmodeus, infiniplex_staircase_trident
Depths:3: gammafunk_sealed_arena, layout_basic, grunt_hell_entry_demonic_statue,
          abyss_entry_flame_altar, serial_co_window_serial,
          co_window_of_opportunity_a, co_window_paths_a, co_window_paths_a,
          co_window_paths_a, co_window_corner_a, co_window_paths_c,
          co_window_corner_b, co_window_cross_4, co_window_corner_b,
          co_window_paths_c, co_window_corner_ca, glass_columns_b,
          glass_columns_c, glass_columns_c, glass_columns_a
Depths:4: grunt_zot_entry_funnels, layout_basic, enter_ziggurat_e,
          grunt_hell_entry_dis_mu, serial_bayou_shore_a, uniq_josephina
Zot:1:    layout_gridlike
Zot:2:    layout_cellular_growth
Zot:3:    layout_basic, evilmike_ambush [evilmike_ambush_outer_pillars,
          evilmike_ambush_inner_basic], grunt_megastairs_5
Zot:4:    layout_gridlike, zot_minivault_5, uniq_grunn
Zot:5:    layout_basic, grunt_ministairs_9

Skill      XL: |  1  2  3  4  5  6  7  8  9 10 11 12 13 14 15 16 17 18 19 20 21 22 23 24 25 26 |
---------------+-------------------------------------------------------------------------------+-----
Spellcasting   | 1 |  1.0
Stealth        | 1 2 7 8 |  8.5
Unarmed Combat | 4 5 6 7 9 11 12 15 16 17 19 20 | 20.2
Shapeshifting  | 4 5 7 8 10 11 13 15 17 18 20 22 24 25 | 25.0
Invocations    | 1 2 3 6 8 10 11 12 14 | 14.7
Dodging        | 3 5 6 7 9 10 13 14 16 17 19 20 | 20.5
Fighting       | 3 6 9 10 11 12 14 16 19 20 | 20.9
Evocations     | 2 4 8 10 11 14 15 | 15.9
Shields        | 4 6 10 | 10.0

Action                     |  1- 3 |  4- 6 |  7- 9 | 10-12 | 13-15 | 16-18 | 19-21 | 22-24 | 25-27 || total
---------------------------+-------+-------+-------+-------+-------+-------+-------+-------+-------++-------
  Melee: Unarmed           |   110 |    96 |   247 |   485 |  1118 |  1616 |  1658 |  1943 |   692 ||  7965
         Tailslap          |     8 |     8 |    31 |    79 |   207 |   388 |   391 |   478 |   184 ||  1774
         Punch             |     3 |       |     9 |    36 |   133 |    35 |       |       |       ||   216
         Maw               |       |       |       |       |   312 |   688 |   191 |    12 |    20 ||  1223
  Throw: Dart              |       |     5 |     5 |     4 |     5 |       |     3 |     1 |       ||    23
 Invoke: Heroism           |       |       |     3 |     8 |    11 |    15 |    10 |     2 |     3 ||    52
Ability: Begin Untransform |     1 |       |       |     2 |       |       |     1 |       |       ||     4
         Breathe Fire      |       |       |    22 |    32 |    24 |    12 |     1 |       |       ||    91
  Evoke: Wand              |       |    16 |     4 |    17 |    15 |       |    24 |     2 |     6 ||    84
         Phial of floods   |       |       |       |       |     1 |       |       |       |       ||     1
    Use: Scroll            |     4 |       |     6 |     9 |    13 |     9 |     3 |     6 |     8 ||    58
         Potion            |       |     2 |     1 |     2 |     4 |     9 |     2 |     2 |     3 ||    25
   Stab: Sleeping          |     6 |     4 |     6 |       |    10 |    10 |    11 |     8 |     1 ||    56
         Paralysed         |       |       |       |     2 |     4 |       |       |       |     4 ||    10
         Distracted        |       |       |       |       |     1 |     5 |     7 |     4 |     2 ||    19
         Invisible         |       |       |       |       |     3 |       |       |       |       ||     3
         Petrified         |       |       |       |       |     2 |       |       |       |       ||     2
         Petrifying        |       |       |       |       |       |       |     1 |       |       ||     1
         Confused          |       |       |       |       |       |       |       |       |     1 ||     1
 Armour: Skin              |    39 |    39 |   159 |   183 |   357 |   634 |   627 |   868 |   304 ||  3210
  Dodge: Dodged            |    49 |    46 |   157 |   455 |   885 |  1492 |  2142 |  3106 |  1004 ||  9336
  Block: Buckler           |       |       |       |       |       |   315 |   895 |  1557 |   442 ||  3209
         Reflection        |       |       |       |       |       |       |    21 |    79 |    33 ||   133
   Form: Beast             |     1 |       |       |     1 |       |       |       |       |       ||     2
         Maw               |       |       |       |       |     1 |       |       |     1 |     1 ||     3
         Statue            |       |       |       |       |       |       |     3 |     2 |     1 ||     6
                           |       |       |       |       |       |       |     1 |       |       ||     1
         Dragon            |       |       |       |       |       |       |       |     1 |       ||     1
         Death             |       |       |       |       |       |       |       |     1 |       ||     1

Table legend: (Time is in decaauts)
 A = Elapsed time spent in this place.
 B = Non-inter-level travel time spent in this place.
 C = Inter-level travel time spent in this place.
 D = Time resting spent in this place.
 E = Time spent auto-exploring this place.
 F = Levels seen in this place.
 G = Mean time per level.
                   A        B        C        D        E       F      G
               +--------+--------+--------+--------+--------+-----+--------+
         Total |  79886 |  73565 |   6321 |  13923 |  37752 |  58 | 1377.3 |
       Dungeon |  17576 |  14837 |   2739 |   2319 |   7900 |  15 | 1171.7 |
        Temple |      1 |      1 |      0 |      0 |      0 |   1 |    1.0 |
          Lair |   6584 |   5746 |    838 |   1263 |   3006 |   5 | 1316.8 |
        Shoals |   6200 |   5839 |    361 |   1767 |   2709 |   4 | 1550.0 |
   Spider Nest |   5688 |   5503 |    185 |   1262 |   2598 |   4 | 1422.0 |
  Orcish Mines |   1688 |   1559 |    129 |    271 |    880 |   2 |  844.0 |
   Elven Halls |   6611 |   6355 |    256 |   2148 |   2534 |   3 | 2203.7 |
        Vaults |   9961 |   9163 |    798 |   1895 |   4430 |   5 | 1992.2 |
         Crypt |   5917 |   5670 |    247 |    432 |   3342 |   3 | 1972.3 |
        Depths |   8505 |   7996 |    509 |    909 |   5309 |   4 | 2126.2 |
           Zot |   6837 |   6581 |    256 |    558 |   3903 |   5 | 1367.4 |
         Abyss |    115 |    115 |      0 |      0 |      0 |   1 |  115.0 |
        Bazaar |    188 |    188 |      0 |      0 |    182 |   1 |  188.0 |
         Sewer |    547 |    547 |      0 |      6 |    310 |   1 |  547.0 |
        Bailey |    536 |    536 |      0 |     99 |     89 |   1 |  536.0 |
      Ice Cave |    586 |    586 |      0 |    338 |      0 |   1 |  586.0 |
       Volcano |    705 |    705 |      0 |    147 |    244 |   1 |  705.0 |
    Desolation |   1635 |   1635 |      0 |    505 |    312 |   1 | 1635.0 |
               +--------+--------+--------+--------+--------+-----+--------+

Top non-repeatable levels by time:
   Elf:3: 3447 daAuts
 Crypt:3: 2837 daAuts
Depths:4: 2824 daAuts
Vaults:4: 2649 daAuts
Vaults:5: 2474 daAuts
Depths:3: 2348 daAuts
     D:8: 2085 daAuts
     D:7: 2020 daAuts
Spider:4: 2016 daAuts
Depths:1: 1920 daAuts
Vaults:2: 1903 daAuts
  Lair:1: 1839 daAuts
Vaults:1: 1780 daAuts
   Zot:4: 1748 daAuts
Shoals:3: 1714 daAuts
